 Dungeon Crawl Stone Soup version 0.29.1-1-gd02db6906a (webtiles) character file.

Game seed: 14821609036336980676

9561 Demigod47 the Basher (level 11, -10/93 HPs)
             Began as a Minotaur Fighter on Oct 11, 2022.
             Killed from afar by a molten gargoyle (14 damage)
             ... with a bolt of magma
             ... on level 11 of the Dungeon.
             The game lasted 00:22:21 (10899 turns).

Demigod47 the Basher (Minotaur Fighter)            Turns: 10899, Time: 00:22:22

Health: -10/93     AC: 18    Str: 24    XL:     11   Next: 24%
Magic:  10/10      EV: 12    Int:  5    God:
Gold:   1283       SH: 10    Dex: 11    Spells: 10/10 levels left

rFire   + + .      SeeInvis .   A - +0 hammer (protect)
rCold   . . .      Faith    .   H - +0 kite shield
rNeg    . . .      Spirit   .   f - +1 ring mail {rF+}
rPois   .          Reflect  .   (helmet restricted)
rElec   .          Harm     .   z - +0 cloak
rCorr   .          Rampage  .   s - +0 pair of gloves
Will    .....                   M - +1 pair of boots
Stlth   +.........              F - amulet of regeneration
HPRegen 1.05/turn               r - +4 ring of protection
MPRegen 0.12/turn               i - ring of protection from fire

@: no status effects
A: horns 2, retaliatory headbutt, hooves 1, shaggy fur 1, wild magic 1,
evolution 1, MP-powered wands, noise suppression
a: no special abilities


You were on level 11 of the Dungeon.
You visited 2 branches of the dungeon, and saw 12 of its levels.

You collected 1395 gold pieces.
You spent 112 gold pieces at shops.

Inventory:

Hand Weapons
 A - a +0 hammer of protection (weapon)
Missiles
 k - 2 throwing nets (quivered)
 K - 5 silver javelins
Armour
 f - a +1 ring mail of fire resistance (worn)
 s - a +0 pair of gloves (worn)
 v - a +0 pair of boots
 z - a +0 cloak (worn)
 H - a +0 kite shield (worn)
 M - a +1 pair of boots (worn)
Jewellery
 i - a ring of protection from fire (right hand)
 r - a +4 ring of protection (left hand)
 F - an amulet of regeneration (around neck)
 J - an amulet of the acrobat
Wands
 b - a wand of acid (8)
 x - a wand of paralysis (6)
 C - a wand of iceblast (20)
 I - a wand of digging (2)
 N - a wand of flame (13)
Scrolls
 g - 3 scrolls of enchant weapon
 h - 5 scrolls of blinking
 j - 3 scrolls of poison
 l - 5 scrolls of teleportation
 m - 4 scrolls of vulnerability
 o - a scroll of torment
 q - 2 scrolls of silence
 t - 4 scrolls of butterflies
 u - 2 scrolls of fear
 y - 5 scrolls of noise
 B - 2 scrolls of immolation
 O - a scroll of magic mapping {unknown}
Potions
 a - 3 potions of attraction
 c - 2 potions of haste
 d - 3 potions of might
 e - 3 potions of brilliance
 n - 2 potions of degeneration
 p - 5 potions of curing
 w - a potion of ambrosia
 D - 2 potions of mutation
 E - 2 potions of berserk rage
 G - a potion of magic {unknown}
Miscellaneous
 L - a condenser vane


   Skills:
 + Level 7.6 Fighting
 * Level 13.9 Maces & Flails
 + Level 8.5 Armour
 + Level 7.4 Dodging
 + Level 1.9 Stealth
 + Level 9.5 Shields


You had 10 spell levels left.
You didn't know any spells.
Your spell library contained the following spells:

 Spells                   Type           Power      Damage    Failure   Level
 Foxfire                  Conj/Fire      0%         2x1d4     91%         1
 Static Discharge         Conj/Air       0%         3-3/arc   97%         2
 Sublimation of Blood     Necr           0%         N/A       97%         2
 Conjure Flame            Conj/Fire      0%         6-21      99%         3
 Gell's Gravitas          Tloc           0%         N/A       99%         3
 Inner Flame              Hex/Fire       0%         N/A       99%         3
 Lesser Beckoning         Tloc           0%         N/A       99%         3
 Portal Projectile        Hex/Tloc       0%         N/A       99%         3
 Teleport Other           Tloc           0%         N/A       99%         3
 Tukima's Dance           Hex            0%         N/A       99%         3
 Dispel Undead            Necr           0%         3d6       100%        4
 Flame Wave               Conj/Fire      0%         2d4       100%        4
 Petrify                  Tmut/Erth      0%         N/A       100%        4
 Sticky Flame             Conj/Fire      0%         2d3       100%        4
 Alistair's Intoxication  Tmut/Pois      0%         N/A       100%        5
 Blade Hands              Tmut           0%         N/A       100%        5
 Borgnjor's Vile Clutch   Necr/Erth      0%         N/A       100%        5
 Irradiate                Conj/Tmut      0%         3d11      100%        5
 Eringya's Noxious Bog    Tmut/Pois      0%         N/A       100%        6


Dungeon Overview and Level Annotations

Branches:
Dungeon (11/15)            Temple (1/1) D:7             Orc (0/2) D:10
   Lair: D:8-11

Altars:
Ashenzari
Cheibriados
Dithmenos
Elyvilon
Fedhas
Gozag
Hepliaklqana
Kikubaaqudgha
Makhleb
Nemelex Xobeh
Okawaru
Qazlal
Ru
Sif Muna
Trog
Uskayaw
Vehumet
Wu Jian
Xom
Yredelemnul
Zin
The Shining One

Shops:
D:3 ?((((   D:6 [   D:7 ?   D:11 *

Annotations:
D:6 2 transporters


Innate Abilities, Weirdness & Mutations

You have a pair of horns on your head.
You reflexively headbutt those who attack you in melee.
You have large cloven feet.
You are covered in fur. (AC +1)
Your spells are a little harder to cast, but a little more powerful.
You have hidden genetic potential.
You expend magic power (3 MP) to strengthen your wands.
You passively dampen the noise of your surroundings.


Message History

You thump the molten gargoyle!
The molten gargoyle is moderately damaged.
You block the molten gargoyle's attack.
You hit the molten gargoyle.
The molten gargoyle is heavily damaged.
The molten gargoyle blasts magma at you!
The bolt of magma hits you! You partially resist.
You closely miss the molten gargoyle.
The molten gargoyle is heavily damaged.
You block the molten gargoyle's attack.
You barely miss the molten gargoyle.
The molten gargoyle is heavily damaged.
The molten gargoyle hits you with a +0 flail!
You are engulfed in flames.
You resist.
You are too injured to fight recklessly!
You are too injured to fight recklessly!
You are too injured to fight recklessly!
You are too injured to fight recklessly!
You are too injured to fight recklessly!
You are too injured to fight recklessly!
You barely miss the molten gargoyle.
You headbutt the molten gargoyle, but do no damage.
The molten gargoyle is heavily damaged.
The molten gargoyle blasts magma at you!
The bolt of magma hits you!! You partially resist.
* * * LOW HITPOINT WARNING * * *
Okay, then.
The molten gargoyle barely misses you.
The molten gargoyle attacks as you move away!
The molten gargoyle hits you but does no damage.
The molten gargoyle blasts magma at you!
The bolt of magma hits you! You partially resist.
* * * LOW HITPOINT WARNING * * *
The molten gargoyle blasts magma at you!
The bolt of magma hits you! You partially resist.
* * * LOW HITPOINT WARNING * * *
A lava snake comes into view.
The molten gargoyle blasts magma at you!
The bolt of magma hits you! You partially resist.
You die...

...................######........
...........................#####.
..........................##≈≈###
.........................##§§≈≈≈≈
....†.......######......##§§≈§≈≈
...†.###..###§§§§##....##≈≈§§§##
#...## ####≈≈≈.≈≈§###..#≈§...≈§##
#...# ≈S≈...§§§§≈####.......§#
#..## #.@§§≈≈##§.≈≈####.. #..#
##...≈≈≈§§≈≈## ### #..##
##..9≈≈.§§##...### #...#
#≈§§§..≈≈##....# ....## ####
#≈≈≈§§§.≈≈##.....##
.....###..###≈≈§###≈≈####.......#
............#####.####..........#
.######..<..............>........
.# #..........................


You could see a molten gargoyle and a lava snake (asleep).

Vanquished Creatures
  An elephant (shapeshifter) (D:11)
  Joseph (D:7)
  A molten gargoyle (D:11)
  2 unseen horrors
  A kobold demonologist (D:9)
  A hornet (D:8)
  13 yaks
  A basilisk (D:11)
  4 steam dragons
  4 vampire mosquitoes (D:11)
  2 acid dragons
  Duvessa (D:7)
  5 water moccasins
  2 sky beasts
  2 black bears
  An ice beast (D:7)
  2 ogres (D:4)
  3 centaurs
  A phantom (D:7)
  4 kobold brigands
  3 bullfrogs
  A scorpion (D:6)
  A necrophage (D:7)
  8 wights
  Dowan (D:7)
  14 killer bees
  An electric eel (D:6)
  2 howler monkeys
  4 lava snakes (D:11)
  2 hounds
  2 jellies
  4 orc priests
  Crazy Yiuf (D:4)
  Jessica (D:2)
  Ijyb (D:4)
  3 gnoll boudas
  An iguana (D:4)
  4 orc wizards
  Robin (D:5)
  19 gnolls
  6 adders
  A shadow imp (D:7)
  2 white imps
  An ufetubus (D:6)
  A worm (D:6)
  A dart slug (D:1)
  16 orcs
  9 endoplasms
  5 giant cockroaches
  13 goblins
  9 hobgoblins
  4 jackals (D:4)
  A quokka (D:4)
  5 ball pythons (D:1)
  2 bats
  3 frilled lizards
  17 kobolds
  3 rats
  A spectral orc (D:3)
226 creatures vanquished.

Vanquished Creatures (others)
  48 fungi (D:11)
  50 plants (D:11)
98 creatures vanquished.

Grand Total: 324 creatures vanquished

Notes
Turn   | Place    | Note
-------+----------+-------------------------------------------
     0 | D:1      | Demigod47 the Minotaur Fighter began the quest for the Orb.
     0 | D:1      | Reached XP level 1. HP: 19/19 MP: 0/0
   146 | D:1      | Reached XP level 2. HP: 18/27 MP: 1/1
  1192 | D:2      | Reached skill level 3 in Maces & Flails
  1235 | D:2      | Reached XP level 3. HP: 33/33 MP: 2/2
  1624 | D:2      | Noticed Jessica
  1634 | D:2      | Killed Jessica
  1635 | D:2      | Reached XP level 4. HP: 17/40 MP: 3/3
  2457 | D:3      | Found Hialuh's Magic Scroll Boutique.
  2669 | D:3      | Found a basalt altar of Yredelemnul.
  2728 | D:3      | Found Koes's Weapon Boutique.
  2754 | D:3      | Reached skill level 4 in Maces & Flails
  2792 | D:3      | Reached XP level 5. HP: 26/47 MP: 4/4
  2950 | D:3      | Found Imazir's Antique Weapon Emporium.
  2987 | D:3      | Found Bash's Weapon Boutique.
  3016 | D:3      | Found Bihoc Zesusy's Antique Weapon Emporium.
  3034 | D:3      | Found a radiant altar of Vehumet.
  3034 | D:3      | Found a broken altar of Ashenzari.
  3188 | D:3      | Reached skill level 5 in Maces & Flails
  3534 | D:4      | Noticed an ogre
  3563 | D:4      | Killed an ogre
  3564 | D:4      | Reached skill level 5 in Armour
  3564 | D:4      | Reached XP level 6. HP: 18/53 MP: 5/5
  3775 | D:4      | Noticed Robin
  3809 | D:5      | Entered Level 5 of the Dungeon
  3850 | D:5      | Killed Robin
  4013 | D:4      | Reached skill level 6 in Maces & Flails
  4087 | D:4      | Reached skill level 1 in Dodging
  4412 | D:4      | Reached skill level 7 in Maces & Flails
  4412 | D:4      | Reached XP level 7. HP: 18/60 MP: 6/6
  4656 | D:4      | Noticed Ijyb
  4657 | D:4      | Paralysed by Ijyb for 2 turns
  4667 | D:4      | Paralysed by Ijyb for 3 turns
  4670 | D:4      | Killed Ijyb
  4767 | D:4      | Found a runed translucent door.
  4768 | D:4      | Noticed Crazy Yiuf
  4925 | D:4      | Killed Crazy Yiuf
  5337 | D:5      | Reached skill level 5 in Fighting
  5339 | D:5      | Reached skill level 8 in Maces & Flails
  6282 | D:6      | Found a transporter.
  6311 | D:6      | Noticed a steam dragon
  6334 | D:6      | Killed a steam dragon
  6335 | D:6      | Reached skill level 5 in Shields
  6335 | D:6      | Reached XP level 8. HP: 46/68 MP: 7/7
  6342 | D:6      | Reached skill level 1 in Stealth
  6644 | D:6      | Found a transporter.
  6644 | D:6      | Noticed a kobold demonologist
  6769 | D:6      | Reached skill level 9 in Maces & Flails
  6906 | D:6      | Found Edaschizo's Antique Armour Boutique.
  6915 | D:6      | Bought a kite shield for 112 gold pieces
  7117 | D:6      | Found a snail-covered altar of Cheibriados.
  7200 | D:7      | Found Kyek's Magic Scroll Shop.
  7230 | D:7      | Reached skill level 10 in Maces & Flails
  7343 | D:7      | Gained mutation: Your spells are a little harder to cast,
                  | but a little more powerful. [potion of mutation]
  7343 | D:7      | Gained mutation: You expend magic power (3 MP) to
                  | strengthen your wands. [potion of mutation]
  7343 | D:7      | Gained mutation: You have large cloven feet. [potion of
                  | mutation]
  7343 | D:7      | Gained mutation: You have hidden genetic potential. [potion
                  | of mutation]
  7368 | D:7      | Noticed Joseph
  7390 | D:7      | Killed Joseph
  7391 | D:7      | Reached XP level 9. HP: 22/75 MP: 8/8
  7415 | D:7      | Reached skill level 11 in Maces & Flails
  7468 | D:7      | Noticed Duvessa
  7469 | D:7      | Noticed Dowan
  7484 | D:7      | Killed Duvessa
  7502 | D:7      | Killed Dowan
  7545 | D:7      | Found a staircase to the Ecumenical Temple.
  7682 | Temple   | Entered the Ecumenical Temple
  8178 | D:8      | Found a shimmering altar of Xom.
  8196 | D:8      | Found a blossoming altar of Fedhas.
  8281 | D:8      | Found an iron altar of Okawaru.
  8289 | D:8      | Found a stormy altar of Qazlal.
  8450 | D:8      | Gained mutation: You have great hidden genetic potential.
                  | [hidden potential]
  8516 | D:8      | Paralysed by a hornet for 1 turns
  8523 | D:8      | Reached skill level 12 in Maces & Flails
  8591 | D:8      | Reached skill level 5 in Dodging
  8711 | D:8      | Reached XP level 10. HP: 73/82 MP: 9/9
  8977 | D:9      | Gained mutation: You are covered in fur. (AC +1) [hidden
                  | potential]
  8977 | D:9      | Lost mutation: You have great hidden genetic potential.
                  | [hidden potential expressed]
  9490 | D:10     | Entered Level 10 of the Dungeon
  9504 | D:10     | Found a staircase to the Orcish Mines.
  9678 | D:10     | Reached skill level 13 in Maces & Flails
 10029 | D:10     | Identified a scroll of acquirement
 10030 | D:10     | Acquired 790 gold pieces
 10328 | D:11     | Found Xeggosis's Island Escapes.
 10336 | D:11     | Noticed an elephant
 10336 | D:11     | a wind drake changed into an elephant
 10358 | D:11     | Killed an elephant
 10359 | D:11     | Reached XP level 11. HP: 92/92 MP: 10/10
 10746 | D:11     | Gained mutation: You passively dampen the noise of your
                  | surroundings. [hidden potential]
 10898 | D:11     | HP: 3/93 [molten gargoyle/bolt of magma (16)]
 10899 | D:11     | Killed from afar by a molten gargoyle

Illustrated notes

Levels and vault maps discovered:
D:1:      dpeg_arrival_oval, layout_basic, serial_bayou, serial_bayou_pond_a,
          serial_bayou_ford_a, serial_bayou_crossing, serial_bayou_lake_a
D:2:      layout_loops_ring, grunt_ministairs_10, amethyst_killhole,
          uniq_jessica
D:3:      layout_loops_ring, mainiacjoe_overflow_divided_tiny,
          yredelemnul_forgotten_temple_becter, serial_shops,
          nicolae_shop_bloodbath_and_beyond, shop, shop, shop, shop
D:4:      layout_cave_pools, uniq_ijyb, uniq_robin, uniq_crazy_yiuf_cottage
D:5:      layout_basic, kennysheep_generic_room_11
D:6:      gammafunk_wand_slinger, layout_basic, cheibrodos_worm_habitat,
          serial_shops, nicolae_shop_hallway_stairs, kennysheep_generic_room_6
D:7:      layout_rooms, minmay_temple_entry_statues_pillars, serial_shops, shop,
          uniq_duvessa, uniq_joseph
D:8:      layout_basic, nicolae_overflow_quartered_altars
D:9:      layout_gridville, minivault_25, minmay_misc_feat_nine_boxes,
          amcnicky_mini_corridor_feature, grunt_ministairs_4
D:10:     layout_rooms, orc_0_dummy
D:11:     cheibrodos_magma_flow, layout_irregular_city,
          due_lair_maze_entry_diamond, solitary_fountain, nicolae_island_escapes
Temple:   eino_narrow_crystal_temple

Skill      XL: |  1  2  3  4  5  6  7  8  9 10 11 |
---------------+----------------------------------+-----
Armour         | 4 5 6 7 8 |  8.5
Fighting       | 4 5 6 7 |  7.6
Maces & Flails | 3 4 5 7 8 10 12 13 | 13.9
Shields        | 4 5 6 7 9 |  9.5
Dodging        | 1 2 3 5 6 7 |  7.4
Stealth        | 1 |  1.9

Action                   |  1- 3 |  4- 6 |  7- 9 | 10-12 || total
-------------------------+-------+-------+-------+-------++-------
Melee: Flail             |    72 |   125 |    15 |       ||   212
       Headbutt          |     7 |    15 |    63 |    90 ||   175
       Mace              |       |       |   327 |   396 ||   723
  Use: Potion            |       |     8 |     5 |       ||    13
       Scroll            |       |     4 |     3 |     7 ||    14
Armor: Scale mail        |    23 |    15 |       |       ||    38
       Ring mail         |       |   100 |   235 |   381 ||   716
Dodge: Dodged            |    33 |   119 |   203 |   210 ||   565
Block: Buckler           |    15 |    47 |    34 |       ||    96
       Kite shield       |       |       |   138 |   249 ||   387
